Map: 트로피컬 새크리파이스

Players

TIME (Oliveira)

  • Race: Terran Terran
  • Spawn Location: 1:00

NightMare - Winner!

  • Race: Protoss Protoss
  • Spawn Location: 7:00

Event: DreamHack SC2 Masters 2022 Atlanta (Offline)

VOD

Have the link to the VOD?

Description

Time

  • Played on: Nov. 18, 2022, 6:53 p.m.
  • Length: 9:57

All games in this series

Show
View Real Time Build Order
Export as new Build Order

TIME Terran 

Build Orders: Reaper Expand 

Get SALT Encoding   

  12  0:00  SCV  
  13  0:12  SCV  
  14  0:18  Supply Depot  
  14  0:24  SCV  
  15  0:40  SCV  
  16  0:43  Barracks  
  16  0:48  Refinery  
  16  0:52  SCV  
  17  1:04  SCV  
  18  1:16  SCV  
  19  1:31  Reaper  
  19  1:32  Orbital Command  
  20  1:44  Command Center  
  20  1:52  Supply Depot  
  20  1:58  SCV  
  21  2:03  Marine  
  22  2:10  SCV  
  22  2:12  Barracks  
  23  2:23  Bunker  
  23  2:24  SCV  
  23  2:26  Barracks Reactor  
  24  2:36  SCV  
  25  2:38  Factory  
  25  2:48  Refinery, SCV  
  26  2:57  Orbital Command  
  26  3:00  SCV  
  26  3:01  Barracks Tech Lab  
  27  3:10  Marine x2  
  29  3:13  SCV  
  29  3:23  Marine  
  29  3:24  SCV  
  29  3:25  SCV, Stimpack  
  32  3:31  Marine x2  
  34  3:36  SCV  
  34  3:37  Starport  
  34  3:41  SCV  
  36  3:43  Marine  
  36  3:46  Factory Tech Lab  
  37  3:48  SCV  
  37  3:49  Supply Depot  
  37  3:51  Marine  
  37  3:53  SCV, Marine  
  41  4:01  SCV  
  42  4:05  SCV, Siege Tank  
  45  4:10  Marine  
  45  4:11  Supply Depot  
  45  4:14  SCV  
  47  4:17  SCV  
  47  4:18  Barracks  
  47  4:20  Marine  
  49  4:25  Engineering Bay  
  49  4:27  SCV  
  49  4:28  Marine  
  49  4:31  SCV, Marine  
  52  4:38  Marine  
  51  4:39  Siege Tank  
  51  4:44  Starport Reactor  
  51  4:45  SCV x2  
  54  4:46  Marine  
  54  4:48  Refinery  
  54  4:49  Supply Depot  
  54  4:50  Marine  
  56  4:56  Terran Infantry Weapons Level 1  
  56  4:57  SCV x2  
  56  4:59  Marine  
  59  5:06  Supply Depot  
  59  5:09  SCV x2  
  60  5:17  Marine x2  
  60  5:20  Medivac  
  60  5:21  SCV, Medivac  
  66  5:22  SCV, Marine x2  
  69  5:32  Refinery  
  69  5:33  SCV, Combat Shield  
  69  5:34  Marine  
  71  5:35  Supply Depot, SCV  
  71  5:41  Supply Depot, Factory Reactor  
  72  5:43  Marine  
  72  5:45  SCV  
  72  5:47  Marauder x2  
  78  5:57  Viking, SCV x2  
  78  6:02  Marine  
  79  6:09  Marauder  
  80  6:13  SCV, Marine  
  80  6:14  Marauder  
  81  6:22  SCV  
  78  6:41  Command Center, Marine  
  78  6:42  Marauder  
  78  6:43  Marauder  
  78  6:44  SCV x2  
  85  6:54  Medivac x2  
  85  6:56  SCV  
  85  7:00  SCV  
  90  7:05  Marine x2  
  90  7:06  Marauder  
  90  7:07  Factory Tech Lab  
  93  7:08  SCV  
  93  7:12  SCV  
  94  7:18  Barracks  
  94  7:20  Supply Depot, Barracks  
  94  7:21  Supply Depot, Terran Infantry Armor Level 1  
  94  7:33  Marine  
  94  7:37  Marine  
  94  7:41  Marine  
  94  7:42  SCV, Marauder  
  97  7:54  Marine  
  97  7:55  Marauder  
  97  7:57  Siege Tank  
  97  7:58  Viking x2  
  94  7:59  Marine  
  94  8:01  SCV x2  
  94  8:02  Orbital Command  
  94  8:03  Marine  
  100  8:08  Concussive Shells, Barracks Tech Lab  
  100  8:12  Marine  
  97  8:16  Marine x2  
  97  8:17  SCV x2, Marauder  
  98  8:21  Marauder  
  98  8:23  Marine  
  100  8:29  Viking  
  100  8:30  Viking  
  100  8:33  Siege Tank  
  107  8:35  Marauder  
  107  8:36  Marine  
  107  8:37  Marine  
  107  8:38  Marauder  
  107  8:41  Marine  
  112  8:42  SCV  
  112  8:43  SCV, Marauder  
  112  8:45  Orbital Command  
  116  8:49  Engineering Bay, Armory  
  116  8:52  Marine  
  116  8:54  Marine  
  118  8:56  Marauder  
  118  9:00  Marauder, Marine  
  118  9:01  Marine  
  125  9:02  SCV  
  125  9:07  Marauder  
  91  9:24  Marauder, Marine x2  
  80  9:30  Marine x2, Orbital Command  
  80  9:31  Marauder  
  81  9:32  Marine  
  81  9:35  SCV  
  81  9:36  SCV  
Show
View Real Time Build Order
Export as new Build Order

NightMare Protoss - Winner!

Build Orders: 1 Gate Expand, Colossus Rush 

Get SALT Encoding   

  12  0:00  Probe  
  13  0:12  Probe  
  14  0:18  Pylon  
  14  0:24  Probe (Chrono Boost)  
  15  0:36  Probe (Chrono Boost)  
  15  0:37  Gateway  
  16  0:45  Probe (Chrono Boost)  
  16  0:47  Assimilator  
  17  0:50  Probe  
  18  1:03  Probe  
  19  1:15  Probe  
  20  1:26  Cybernetics Core  
  23  1:34  Nexus  
  20  1:41  Pylon  
  20  1:44  Probe  
  21  1:50  Assimilator  
  21  1:56  Probe  
  21  1:59  Adept (Chrono Boost)  
  22  2:07  Warp Gate  
  24  2:08  Probe  
  25  2:20  Probe, Stalker (Chrono Boost)  
  27  2:33  Probe  
  28  2:41  Robotics Facility  
  28  2:45  Probe  
  28  2:47  Probe  
  29  2:57  Probe  
  30  2:59  Probe  
  30  3:03  Stalker  
  33  3:09  Probe  
  33  3:11  Probe  
  35  3:21  Probe  
  35  3:23  Probe  
  35  3:26  Warp Prism (Chrono Boost)  
  37  3:33  Probe  
  40  3:35  Robotics Bay, Probe  
  41  3:42  Pylon  
  41  3:45  Probe  
  41  3:47  Probe  
  43  3:51  Gateway  
  43  3:55  Observer  
  44  3:57  Probe  
  44  3:59  Probe  
  46  4:09  Shield Battery, Probe  
  47  4:11  Probe, Gateway  
  47  4:14  Pylon  
  48  4:19  Colossus (Chrono Boost)  
  48  4:23  Gravitic Drive (Chrono Boost)  
  54  4:32  Probe x2  
  56  4:44  Probe x2  
  56  4:45  Pylon  
  58  4:46  Assimilator  
  58  4:47  Gateway  
  58  4:52  Assimilator, Pylon  
  58  4:55  Sentry  
  58  4:56  Probe  
  61  5:04  Pylon  
  61  5:13  Observer  
  61  5:17  Probe x2  
  63  5:22  Stalker x3  
  63  5:24  Twilight Council  
  69  5:28  Pylon  
  69  5:33  Colossus (Chrono Boost)  
  69  5:39  Gateway  
  75  5:46  Zealot x2  
  75  5:47  Zealot  
  81  5:50  Stalker  
  83  6:10  Colossus (Chrono Boost)  
  83  6:12  Zealot x2  
  93  6:21  Charge (Chrono Boost)  
  93  6:25  Pylon x2  
  93  6:36  Probe  
  94  6:42  Nexus, Pylon  
  94  6:43  Probe  
  95  6:50  Gateway  
  95  6:52  Gateway  
  95  7:02  Templar Archives, Probe x2  
  95  7:08  Immortal (Chrono Boost)  
  101  7:13  Pylon  
  101  7:14  Probe x2  
  103  7:21  Shield Battery  
  103  7:27  Zealot x3  
  107  7:37  Pylon  
  107  7:38  Templar Archives  
  107  7:41  Stalker x2  
  111  7:46  Observer  
  111  7:50  Zealot  
  111  7:51  Zealot x3  
  113  7:59  Blink (Chrono Boost)  
  113  8:03  Probe x3  
  112  8:15  Probe x3  
  112  8:18  High Templar x4  
  112  8:19  Zealot x3  
  125  8:23  Archon  
  125  8:24  Archon  
  125  8:33  Forge  
  125  8:35  Pylon  
  125  8:40  Pylon  
  125  8:44  Nexus  
  124  8:51  High Templar  
  124  8:52  Zealot x2, High Templar x2  
  124  8:53  Zealot  
  136  8:57  Archon, High Templar  
  136  9:00  Gateway  
  138  9:03  Archon  
  132  9:12  Pylon  
  110  9:21  Zealot  
  110  9:22  Zealot x2  
  102  9:27  Zealot x3  
  92  9:38  Zealot  
  94  9:40  Pylon  
  94  9:42  Robotics Facility  
  97  9:47  Zealot x3  
  97  9:48  Zealot x3  
Tags
 
Add a new tag
Caveats
  • Supply blocks, unpowered buildings, or Contaminate may cause inaccurate times.
  • Supply counts are checked every 10 seconds.